 Dungeon Crawl Stone Soup version 0.19-a0-45-g2c295ea (webtiles) character file.

62 wvc the Skirmisher (level 3, -1/29 HPs)
             Began as a Mummy Wanderer on May 5, 2016.
             Was an Initiate of Gozag.
             Slain by a giant newt (2 damage)
             ... on level 2 of the Dungeon.
             The game lasted 00:02:31 (1659 turns).

wvc the Skirmisher (Mummy Wanderer)                 Turns: 1659, Time: 00:02:32

Health: -1/29      AC:  5    Str: 17    XL:     3   Next: 85%
Magic:  0/4        EV: 10    Int: 10    God:    Gozag
Gold:   109        SH:  0    Dex: 11    Spells: 0 memorised, 4 levels left

rFire  x . .     SeeInvis .     e - +0 spear
rCold  + . .     Gourm    .     b - +0 ring mail
rNeg   + + +     Faith    .     (no shield)
rPois  ∞         Spirit   +     (no helmet)
rElec  .         Dismiss  .     (no cloak)
rCorr  .         Reflect  .     (no gloves)
SustAt .         Harm     .     (no boots)
MR     .....                    h - amulet of guardian spirit
Stlth  +.........               (no ring)
                                (no ring)

@: not resistant to hostile enchantments, very unstealthy
A: no food or potions, fire vulnerability, cold resistance 1, negative energy
resistance 3, torment resistance, unbreathing
a: Potion Petition, Call Merchant, Bribe Branch, Renounce Religion


You were on level 2 of the Dungeon.
You worshipped Gozag.
Gozag was noncommittal.
You were not hungry.

You visited 1 branch of the dungeon, and saw 2 of its levels.

You collected 132 gold pieces.
You paid 23 gold pieces to Gozag.

Inventory:

Hand Weapons
 c - a +0 shortbow
 e - a +0 spear (weapon)
Missiles
 d - 45 arrows
Armour
 b - a +0 ring mail (worn)
Jewellery
 h - an amulet of guardian spirit (around neck)
Books
 a - a book of Maledictions

   Spells                             Type                      Level
   a - Corona                         Hexes                        1
   b - Ensorcelled Hibernation        Hexes/Ice                    2
   c - Confuse                        Hexes                        3
   d - Tukima's Dance                 Hexes                        3
   e - Dazzling Spray                 Conjuration/Hexes            3


   Skills:
 - Level 3.0 Fighting
 * Level 1.2 Polearms
 - Level 1.0 Bows
 - Level 1.0 Throwing
 + Level 1.0 Armour
 + Level 1.1 Dodging
 - Level 1.0 Stealth
 - Level 1.0 Spellcasting
   Level 1.7 Hexes
   Level 1.5 Translocations


You had 4 spell levels left.
You didn't know any spells.

Dungeon Overview and Level Annotations

Branches:
Dungeon (2/15)

Altars:
Elyvilon
Gozag

Annotations:
D:2 Natasha


Innate Abilities, Weirdness & Mutations

You do not eat or drink.
Your flesh is vulnerable to fire.
You are immune to poison.
Your flesh is cold resistant.
You are immune to negative energy.
You are immune to unholy pain and torment.
You can survive without breathing.


Message History

You barely miss Natasha.
Natasha is severely wounded.
The giant newt bites you.
Natasha mumbles some strange words.
You feel disoriented. Natasha claws you.
* * * LOW HITPOINT WARNING * * *
You barely miss Natasha.
Natasha is severely wounded.
The giant newt barely misses you. Natasha claws you!
* * * LOW HITPOINT WARNING * * *
You closely miss Natasha.
Natasha is severely wounded.
The giant newt bites you but does no damage.
Natasha closely misses you.
You hit Natasha.
Natasha is almost dead.
The giant newt bites you.
You die...
Your body crumbles into a pile of gold.

#....).......##########.##
..........#..............###
#.....#..##.##%#########..#.
.........##.##.# #...#
#.⌠.⌠.#..##.##(# ###..
............##.# #.#
#.....#.###.#(#.# #.#
..._....###..###.# #.#
#....@## #.. ##.# ....###hl#
##.#####... ⌠. ....#
#......... ##..#.#
#######.## ...### #§# #..#
#§# #..############§#
..............§§##
#####.........


You could see Natasha and a giant newt.

Vanquished Creatures
  An adder (D:2)
  An ooze (D:2)
  3 worms (D:2)
  2 dart slugs (D:1)
  2 giant geckos
  A ball python (D:1)
  3 goblins
  6 hobgoblins
  4 jackals (D:2)
  A bat (D:1)
  2 giant newts (D:1)
  4 kobolds
  3 rats (D:1)
33 creatures vanquished.

Notes
Turn   | Place    | Note
--------------------------------------------------------------
     0 | D:1      | wvc the Mummy Wanderer began the quest for the Orb.
     0 | D:1      | wvc set off with: a book of Maledictions, a +0 ring mail, a +0 shortbow, 29 arrows
     0 | D:1      | Reached XP level 1. HP: 16/16 MP: 2/2
   190 | D:1      | Reached XP level 2. HP: 15/23 MP: 3/3
   568 | D:2      | Reached skill level 3 in Fighting
   968 | D:2      | Reached skill level 1 in Polearms
   968 | D:2      | Reached XP level 3. HP: 13/29 MP: 2/4
  1418 | D:2      | Found an opulent altar of Gozag.
  1426 | D:2      | Became a worshipper of Gozag Ym Sagoz the Greedy
  1583 | D:2      | Reached skill level 1 in Dodging
  1626 | D:2      | Found a white marble altar of Elyvilon.
  1648 | D:2      | Reached skill level 1 in Armour
  1649 | D:2      | Noticed Natasha
  1657 | D:2      | HP: 1/29 [Natasha (7)]
  1659 | D:2      | Slain by a giant newt

Vault maps used:
D:1:      nagdon_arrival_double_spiral
D:2:      lemuel_coloured_pillars_altar, elyvilon_altar_5, uniq_natasha

Skill      XL: |  1  2  3 |
---------------+----------+-----
Fighting       | 3 |  3.0
Polearms       | 1 |  1.2
Dodging        | 1 |  1.1
Armour         | 1 |  1.0
Bows           | |  1.0
Throwing       | |  1.0
Stealth        | |  1.0
Spellcasting   | |  1.0
Hexes          | |  1.7
Translocations | |  1.5

Action                   || total
-------------------------++-------
Melee: Spear             ||   138
 Fire: Shortbow          ||    47
  Use: Scroll            ||     3
Armor: Ring mail         ||    45
Dodge: Dodged            ||    85
